 Dungeon Crawl Stone Soup version 0.30.1-4-g462c640d31 (webtiles) character file.

Game seed: 731900262400684143

142 Demigod47 the Shield-Bearer (level 5, -11/47 HPs)
             Began as a Minotaur Fighter on Aug 21, 2023.
             Was a Follower of Okawaru.
             Mangled by an ogre
             ... wielding a +0 giant club
              (30 damage)
             ... on level 5 of the Dungeon.
             The game lasted 00:16:08 (2317 turns).

Demigod47 the Shield-Bearer (Minotaur Fighter)      Turns: 2317, Time: 00:16:08

Health: -11/47     AC: 10    Str: 22    XL:     5   Next: 3%
Magic:  4/4        EV:  9    Int:  5    God:    Okawaru [*.....]
Gold:   107        SH:  4    Dex: 10    Spells: 4/4 levels left

rFire   + . .        a - +0 war axe
rCold   . . .        c - +0 buckler
rNeg    . . .        b - +0 scale mail
rPois   .            (helmet restricted)
rElec   .            (no cloak)
rCorr   .            i - +1 pair of gloves
SInv    .            o - +0 pair of boots
Will    .....        (no amulet) Stlth
                     e - ring of protection from fire
HPRegen 0.27/turn    (no ring)
MPRegen 0.09/turn

%: no passive effects
@: about to teleport
A: horns 2, retaliatory headbutt
a: Renounce Religion, Heroism


You were on level 5 of the Dungeon.
You worshipped Okawaru.
Okawaru was aware of your devotion.
You visited 1 branch of the dungeon, and saw 5 of its levels.

You collected 107 gold pieces.

Inventory:

Hand Weapons
 a - a +0 war axe (weapon)
 k - a +0 long sword
 w - a +2 short sword of protection
Armour
 b - a +0 scale mail (worn)
 c - a +0 buckler (worn)
 i - a +1 pair of gloves (worn)
 o - a +0 pair of boots (worn)
 s - a +0 pair of gloves
Magical Staves
 q - a staff of earth
Jewellery
 e - a ring of protection from fire (left hand)
Wands
 v - a wand of iceblast (3)
Scrolls
 h - 2 scrolls of identify
 j - a scroll of poison
 m - 2 scrolls of fog {unknown}
 p - a scroll of blinking {unknown}
 u - a scroll of summoning {unknown}
Potions
 d - a potion of might
 g - a potion of brilliance {unknown}
 n - a potion of curing {unknown}
 r - a potion of lignification {unknown}
 t - a potion of berserk rage {unknown}


   Skills:
 + Level 4.5 Fighting
 + Level 2.4 Long Blades
 + Level 2.9 Axes
 + Level 4.4 Armour
 + Level 0.6 Dodging
 + Level 0.1 Stealth
 + Level 4.7 Shields


You had 4 spell levels left.
You didn't know any spells.
Your spell library contained the following spells:

 Spells                   Type           Power      Damage    Failure   Level
 Freeze                   Ice            0%         1d3       86%         1
 Poisonous Vapours        Pois/Air       0%         N/A       94%         2
 Frozen Ramparts          Ice            0%         1d1       99%         3
 Hailstorm                Conj/Ice       0%         3d3       99%         3
 Mephitic Cloud           Conj/Pois/Air  0%         N/A       99%         3
 Freezing Cloud           Conj/Ice/Air   0%         6-21      100%        5


Dungeon Overview and Level Annotations

Branches:
Dungeon (5/15)
 Temple: D:4-7

Altars:
Cheibriados
Kikubaaqudgha
Okawaru


Innate Abilities, Weirdness & Mutations

You have a pair of horns on your head.
You reflexively headbutt those who attack you in melee.


Message History

You hit the adder.
The adder is severely wounded.
You feel sick. The adder closely misses you. You furiously retaliate!
You headbutt the adder!
You kill the adder!
Okawaru accepts your kill.
You have reached level 5!
You feel sick.
You feel sick.
You feel sick.
You are no longer poisoned.
You now have 107 gold pieces (gained 10).
An ogre comes into view. It is wielding a +0 giant club.
The ogre shouts!
You barely miss the ogre. The ogre barely misses you.
You hit the ogre but do no damage.
The ogre hits you with a +0 giant club!!
Ouch! That really hurt!
You hear a shout!
Okay, then.
Okay, then.
Okay, then.
The ogre hits you but does no damage.
A hobgoblin comes into view.
There is an escape hatch in the floor here.
The ogre barely misses you. You furiously retaliate!
You headbutt the ogre!
You slide downwards.
The hatch slams shut behind you.
As you read the scroll labelled PUNEAX XOCKES, it crumbles to dust.
You feel strangely unstable.
It was a scroll of teleportation.
The ogre barely misses you. You furiously retaliate!
You headbutt the ogre!
Okay, then.
The air fills with toxic fumes!
As you read the scroll labelled SEYMUR SAPP, it crumbles to dust.
It was a scroll of poison.
As you read the scroll labelled ZIEBOI GOSAFOFF, it crumbles to dust.
The creatures around you are filled with an inner flame!
It was a scroll of immolation.
The ogre hits you with a +0 giant club!!
Ouch! That really hurt!
You die...

## §# ### §#
§#§##§§#§######
§§§§§§§@O§§§§§§
§#§#####§######
§# §# #§ § §#
§#


You could see an ogre (inner flame).

Vanquished Creatures
  Robin (D:2)
  4 adders
  A worm (D:2)
  4 dart slugs
  7 endoplasms
  A giant cockroach (D:1)
  20 goblins
  10 hobgoblins
  3 jackals (D:2)
  4 kobolds
  2 quokkas (D:2)
  4 ball pythons
  3 bats (D:3)
  2 frilled lizards (D:1)
  10 rats
76 creatures vanquished.

Notes
Turn   | Place    | Note
-------+----------+-------------------------------------------
     0 | D:1      | Demigod47 the Minotaur Fighter began the quest for the Orb.
     0 | D:1      | Reached XP level 1. HP: 19/19 MP: 0/0
   200 | D:1      | Reached XP level 2. HP: 27/27 MP: 1/1
   686 | D:2      | Found a faded altar of an unknown god.
   703 | D:2      | Prayed at the altar of an unknown god.
   703 | D:2      | Became a worshipper of Warmaster Okawaru
   703 | D:2      | Reached * piety under Okawaru
   759 | D:2      | Reached XP level 3. HP: 33/33 MP: 2/2
   831 | D:2      | Noticed Robin
   900 | D:2      | Reached skill level 1 in Long Blades
   948 | D:2      | Killed Robin
  1027 | D:2      | Found an ancient bone altar of Kikubaaqudgha.
  1093 | D:2      | Reached XP level 4. HP: 20/40 MP: 3/3
  2021 | D:3      | Found a snail-covered altar of Cheibriados.
  2271 | D:4      | Noticed a phantom
  2296 | D:4      | Reached XP level 5. HP: 44/47 MP: 4/4
  2305 | D:4      | Noticed an ogre
  2314 | D:5      | Entered Level 5 of the Dungeon
  2317 | D:5      | Mangled by an ogre

Illustrated notes

Levels and vault maps discovered:
D:1:      minmay_arrival_semitransparent, layout_loops_ring
D:2:      layout_basic, basic_ecumenical_altar, basic_altar, minmay_ruptured,
          uniq_robin
D:3:      layout_rooms, old_standard_altar, chequers_mini_garden,
          minmay_misc_feat_square, minmay_misc_feat_five
D:4:      corexii_shack_village, layout_loops_cross,
          mainiacjoe_overflow_cross_hatched, serial_shops,
          nicolae_shop_overgrown_old_shop, minmay_misc_feat_nine_boxes,
          kennysheep_small_square, uniq_sigmund
D:5:      layout_loops_cross, minmay_temple_entry_antechambers,
          nrook_loot_triangle, nicolae_shop_self_help

Skill      XL: |  1  2  3  4 |
---------------+-------------+-----
Armour         | 4 |  4.4
Shields        | 4 |  4.7
Fighting       | 4 |  4.5
Long Blades    | 1 2 |  2.4
Axes           | |  2.9
Dodging        | |  0.6
Stealth        | |  0.1

Action                     |  1- 3 |  4- 6 || total
---------------------------+-------+-------++-------
  Melee: War axe           |    18 |     8 ||    26
         Headbutt          |    17 |     6 ||    23
         Long sword        |    67 |    62 ||   129
    Use: Scroll            |     4 |     3 ||     7
         Potion            |     1 |       ||     1
 Armour: Scale mail        |    66 |    48 ||   114
  Dodge: Dodged            |    83 |    57 ||   140
  Block: Buckler           |    38 |    27 ||    65
